 Dungeon Crawl Stone Soup version 0.30-b1-2-g02819fbbbe (webtiles) character file.

Game seed: 13271336193368680828

10 Alarkh the Charlatan (level 2, 22/22 HPs)
             Began as a Demonspawn Artificer on Nov 24, 2023.
             Got out of the dungeon alive.
             The game lasted 00:00:22 (397 turns).

Alarkh the Charlatan (Demonspawn Artificer)          Turns: 397, Time: 00:00:23

Health: 22/22      AC:  5    Str: 18    XL:     2   Next: 10%
Magic:  2/2        EV: 11    Int: 12    God:
Gold:   11         SH:  0    Dex: 13    Spells: 1/1 levels left

rFire   . . .        a - +0 club
rCold   + . .        (no shield)
rNeg    . . .        b - +0 leather armour
rPois   .            (no helmet)
rElec   .            (no cloak)
rCorr   .            (no gloves)
SInv    .            (no boots)
Will    .....        (no amulet)
Stlth   +            j - +6 ring of strength
HPRegen 0.23/turn    k - ring of protection from cold
MPRegen 0.08/turn

%: no passive effects
@: no status effects
A: icy blue scales 1
a: no special abilities


You escaped.
You visited 1 branch of the dungeon, and saw 1 of its levels.

You collected 11 gold pieces.

Inventory:

Hand Weapons
 a - a +0 club (weapon)
Armour
 b - a +0 leather armour (worn)
Jewellery
 j - a +6 ring of strength (left hand)
 k - a ring of protection from cold (right hand)
Wands
 c - a wand of flame (15) (quivered)
 d - a wand of charming (15)
 e - a wand of iceblast (5)
Scrolls
 f - 2 scrolls of amnesia
 i - a scroll of identify {unknown}
Potions
 g - a potion of cancellation {unknown}
 h - a potion of brilliance {unknown}


   Skills:
 + Level 2.2 Fighting
 - Level 1.7 Armour
 - Level 0.8 Dodging
 - Level 0.8 Stealth
 - Level 3.0 Evocations


You had one spell level left.
You didn't know any spells.
Your spell library contained the following spells:

 Spells                   Type           Power      Damage    Failure   Level
 Magic Dart               Conj           0%         1d3       36%         1
 Call Imp                 Summ           0%         N/A       52%         2
 Mephitic Cloud           Conj/Pois/Air  0%         N/A       75%         3


Dungeon Overview and Level Annotations

Branches:
Dungeon (1/15)

Altars:


Innate Abilities, Weirdness & Mutations

You are partially covered in icy blue scales. (AC +2)


Message History

A goblin comes into view. It is wielding a +0 dagger.
The goblin shouts!
A ball python comes into view.
There are monsters nearby!
There are monsters nearby!
The goblin hits you with a +0 dagger.
The ball python hisses angrily.
You hit the goblin.
The goblin is heavily wounded.
The goblin barely misses you.
The ball python bites you but does no damage.
The ball python grabs you. The ball python constricts you.
You barely miss the ball python. The goblin hits you with a +0 dagger.
The ball python barely misses you. The ball python constricts you.
The goblin hits you but does no damage.
You hit the ball python.
The ball python is moderately wounded.
The ball python bites you but does no damage.
The ball python constricts you. The goblin hits you with a +0 dagger.
The ball python bites you but does no damage.
The ball python constricts you.
You hit the ball python.
The ball python is heavily wounded.
The ball python barely misses you. The ball python constricts you.
The goblin hits you but does no damage.
You hit the ball python.
You kill the ball python!
The goblin hits you but does no damage.
You have reached level 2!
Your demonic ancestry asserts itself...
Icy blue scales grow over part of your body.
You hit the goblin.
You kill the goblin!
No target in view!
No target in view!
You enter the shallow water.
Moving in this stuff is going to be slow.
There is a staircase leading out of the dungeon here.
Are you sure you want to leave the Dungeon?
This will make you lose the game!
You have escaped!

#.# ########...#.#
#.# #........###.#
#.# #.######.....#
#.##################
#.##≈≈≈≈≈≈≈≈≈≈≈≈≈≈≈#
#..#≈≈≈≈≈.....≈≈≈≈≈#
#.##≈≈....~~~....≈≈#
#..#≈...~~~.~~~...≈#
##[....~~~.@..~~..≈#
###≈...~~~.~~~...≈#
#≈≈....~~~....≈≈#
#≈≈≈≈≈.....≈≈≈≈≈#
#≈≈≈≈≈≈≈.≈≈≈≈≈≈≈#
########.########
#... ####. #


There were no monsters in sight!

Vanquished Creatures
  A ball python (D:1)
  An endoplasm (D:1)
  2 goblins (D:1)
  2 jackals (D:1)
  A kobold (D:1)
  2 rats (D:1)
9 creatures vanquished.

Notes
Turn   | Place    | Note
-------+----------+-------------------------------------------
     0 | D:1      | Alarkh the Demonspawn Artificer began the quest for the
                  | Orb.
     0 | D:1      | Reached XP level 1. HP: 15/15 MP: 1/1
   316 | D:1      | Gained mutation: You are partially covered in icy blue
                  | scales. (AC +2) [demonic ancestry]
   316 | D:1      | Reached XP level 2. HP: 15/22 MP: 2/2
   397 | D:$      | Got out of the dungeon alive.

Illustrated notes

Levels and vault maps discovered:
D:1:      dpeg_arrival_shrine, layout_loops_cross

Skill      XL: |  1 |
---------------+----+-----
Fighting       | 2 |  2.2
Armour         | |  1.7
Dodging        | |  0.8
Stealth        | |  0.8
Evocations     | |  3.0

Action                     || total
---------------------------++-------
  Melee: Club              ||    28
    Use: Scroll            ||     1
 Armour: Leather armour    ||    15
  Dodge: Dodged            ||    15
